 Dungeon Crawl Stone Soup version 0.29.1-15-g9cfb28693d (webtiles) character file.

Game seed: 1756352499885358885

1169 monsoonserge the Grave Robber (level 8, -7/39 (58) HPs)
             Began as a Gnoll Necromancer on Apr 17, 2023.
             Mangled by a wight
             ... wielding a +0 scimitar
              (13 damage)
             ... on level 5 of the Dungeon.
             The game lasted 00:29:03 (6100 turns).

monsoonserge the Grave Robber (Gnoll Necromancer)   Turns: 6100, Time: 00:29:07

HP:   -7/39 (58)    AC:  9    Str: 12 (13) XL:     8   Next: 40%
MP:   17/17         EV:  8    Int: 22 (23) God:
Gold: 255           SH:  8    Dex: 10 (13) Spells: 11/19 levels left

rFire   . . .      SeeInvis .   h - +3 spear
rCold   + . .      Faith    .   R - +0 kite shield
rNeg    . . .      Spirit   .   D - +0 scale mail of the Eight Boll Weevils {Str+6}
rPois   .          Reflect  .   (no helmet)
rElec   .          Harm     .   (no cloak)
rCorr   .          Rampage  .   w - +0 pair of gloves
Will    .....                   j - +0 pair of boots
Stlth   +.........              (no amulet)
HPRegen 0.13/turn               E - ring of protection from cold
MPRegen 0.15/turn               N - +6 ring of intelligence

@: very heavily drained
A: fangs 1, strong nose, distributed training
a: no special abilities


You were on level 5 of the Dungeon.
You visited 2 branches of the dungeon, and saw 7 of its levels.

You collected 333 gold pieces.
You spent 78 gold pieces at shops.

Inventory:

Hand Weapons
 h - a +3 spear (weapon)
 W - a +0 flail of draining
Missiles
 d - 47 stones (quivered)
 o - 5 poisoned darts
 u - 11 atropa-tipped darts
Armour
 j - a +0 pair of boots (worn)
 w - a +0 pair of gloves (worn)
 y - a +0 leather armour
 B - a +0 ring mail
 D - the +0 scale mail of the Eight Boll Weevils (worn) {Str+6}
   (You found it on level 3 of the Dungeon)

   Str:       It affects your strength (+6).
 R - a +0 kite shield (worn)
 X - a +4 ring mail of willpower
Magical Staves
 t - a staff of earth
Jewellery
 E - a ring of protection from cold (left hand)
 N - a +6 ring of intelligence (right hand)
Wands
 U - a wand of roots (7)
 V - a wand of digging (3)
Scrolls
 a - a scroll of poison {unknown}
 e - a scroll of amnesia {unknown}
 f - 2 scrolls of enchant weapon {unknown}
 l - 2 scrolls of silence {unknown}
 n - 7 scrolls of identify {unknown}
 p - 2 scrolls of magic mapping {unknown}
 v - a scroll of teleportation {unknown}
 x - 3 scrolls of blinking {unknown}
 C - a scroll of butterflies {unknown}
 F - a scroll of noise {unknown}
 I - a scroll of brand weapon {unknown}
 K - a scroll of summoning {unknown}
 T - a scroll of fear {unknown}
Potions
 b - a potion of magic
 g - a potion of degeneration
 i - a potion of might {unknown}
 k - 4 potions of curing
 q - a potion of brilliance {unknown}
 r - a potion of invisibility
 z - 2 potions of flight {unknown}
 J - a potion of ambrosia {unknown}
 M - a potion of mutation {unknown}
 P - a potion of lignification {unknown}
 S - a potion of attraction


   Skills:
 + Level 3.3 Fighting
 + Level 3.3 Short Blades
 + Level 3.3 Long Blades
 + Level 3.3 Axes
 + Level 3.3 Maces & Flails
 + Level 3.3 Polearms
 + Level 3.3 Staves
 + Level 3.3 Ranged Weapons
 + Level 3.3 Throwing
 + Level 3.3 Armour
 + Level 5.7 Dodging
 + Level 5.4 Stealth
 + Level 3.3 Shields
 + Level 3.3 Unarmed Combat
 + Level 6.1 Spellcasting
 + Level 2.7 Conjurations
 + Level 2.7 Hexes
 + Level 2.7 Summonings
 + Level 7.7 Necromancy
 + Level 2.7 Translocations
 + Level 2.7 Transmutations
 + Level 2.7 Fire Magic
 + Level 2.7 Ice Magic
 + Level 2.7 Air Magic
 + Level 2.7 Earth Magic
 + Level 2.7 Poison Magic
 + Level 3.7 Invocations
 + Level 3.3 Evocations


You had 11 spell levels left.
You knew the following spells:

 Your Spells              Type           Power      Damage    Failure   Level
a - Necrotise             Necr           100%       1d9       6%          1
b - Vampiric Draining     Necr           40%        2d8       19%         3
c - Animate Dead          Necr           40%        N/A       52%         4

Your spell library contained the following spells:

 Spells                   Type           Power      Damage    Failure   Level
 Magic Dart               Conj           72%        1d6       41%         1
 Sting                    Tmut/Pois      72%        1d6       41%         1
 Call Imp                 Summ           18%        N/A       56%         2
 Poisonous Vapours        Pois/Air       36%        N/A       56%         2
 Mephitic Cloud           Conj/Pois/Air  18%        N/A       80%         3
 Agony                    Necr           40%        N/A       86%         5
 Olgreb's Toxic Radiance  Pois           18%        N/A       99%         4
 Ozocubu's Refrigeration  Ice            9%         4d9       100%        7
 Ignition                 Fire           9%         3d5       100%        8


Dungeon Overview and Level Annotations

Branches:
Dungeon (6/15)             Temple (1/1) D:4

Altars:
Ashenzari
Cheibriados
Dithmenos
Elyvilon
Fedhas
Gozag
Hepliaklqana
Makhleb
Okawaru
Trog
Uskayaw
Vehumet
Wu Jian
Yredelemnul
Zin
The Shining One

Shops:
D:3 (=?*   D:4 *


Innate Abilities, Weirdness & Mutations

You have very sharp teeth.
Your uncanny sense of smell can sniff out nearby items.
Your experience applies equally to all skills.


Message History

Reach: h) +3 spear
Press: ? - help, Dir - move target, f/p - wight
Aim: a wight, wielding a +0 scimitar and wearing a +0 robe (almost destroyed, about 36% to evade your +3 spear)
You closely miss the wight.
The wight is almost destroyed.
The wight hits you with a +0 scimitar.
You feel drained. The wight hits you with a +0 scimitar.
* * * LOW HITPOINT WARNING * * *
Reach: h) +3 spear
Press: ? - help, Dir - move target, f/p - wight
Aim: a wight, wielding a +0 scimitar and wearing a +0 robe (almost destroyed, about 36% to evade your +3 spear)
You closely miss the wight.
The wight is almost destroyed.
The wight closely misses you.
Reach: h) +3 spear
Press: ? - help, Dir - move target, f/p - wight
Aim: a wight, wielding a +0 scimitar and wearing a +0 robe (almost destroyed, about 36% to evade your +3 spear)
You barely miss the wight.
The wight is almost destroyed.
You block the wight's attack.
Reach: h) +3 spear
Press: ? - help, Dir - move target, f/p - wight
Aim: a wight, wielding a +0 scimitar and wearing a +0 robe (almost destroyed, about 36% to evade your +3 spear)
You closely miss the wight.
The wight is almost destroyed.
The wight hits you with a +0 scimitar.
* * * LOW HITPOINT WARNING * * *
Reach: h) +3 spear
Press: ? - help, Dir - move target, f/p - wight
Aim: a wight, wielding a +0 scimitar and wearing a +0 robe (almost destroyed, about 36% to evade your +3 spear)
You closely miss the wight.
The wight is almost destroyed.
You block the wight's attack.
Reach: h) +3 spear
Press: ? - help, Dir - move target, f/p - wight
Aim: a wight, wielding a +0 scimitar and wearing a +0 robe (almost destroyed, about 36% to evade your +3 spear)
You closely miss the wight.
The wight is almost destroyed.
The wight hits you with a +0 scimitar!
You die...

........##......[.....## #.#
.8.8.8...##...........##### ##.##
..........#...#........#..###....
........###...#..................
......#......##..................
....)_#.......##.................
......#........#.................
.........###.....................
..............##@z.##............
.8.8.8........)..).##.......###..
.......##....:...................
..........>.........#.###........
.................................
.............<......#............
............###....###........##.
.[........#####....###.........#.
........<## #......##......##...


You could see a wight.

Vanquished Creatures
  Edmund (D:6)
  A water moccasin (D:5)
  An ice beast (D:6)
  2 ogres
  2 phantoms
  A necrophage (D:5)
  A wight (D:5)
  A jelly (D:5)
  3 hounds
  2 orc wizards (D:4)
  2 iguanas
  3 gnolls
  9 adders
  2 ufetubi (D:4)
  3 worms
  3 dart slugs
  5 orcs
  7 endoplasms
  5 giant cockroaches
  5 goblins
  4 hobgoblins
  5 quokkas
  A ball python (D:1)
  4 bats
  3 frilled lizards
  5 kobolds
  5 rats
86 creatures vanquished.

Vanquished Creatures (collateral kills)
  An endoplasm (D:4)
  2 hobgoblins
3 creatures vanquished.

Vanquished Creatures (others)
  24 fungi (D:4)
24 creatures vanquished.

Grand Total: 113 creatures vanquished

Notes
Turn   | Place    | Note
-------+----------+-------------------------------------------
     0 | D:1      | monsoonserge the Gnoll Necromancer began the quest for the
                  | Orb.
     0 | D:1      | Reached XP level 1. HP: 13/13 MP: 6/6
   109 | D:1      | Reached XP level 2. HP: 20/20 MP: 4/7
   520 | D:1      | Found a faded altar of an unknown god.
   786 | D:1      | Reached skill level 5 in Spellcasting
   786 | D:1      | Reached XP level 3. HP: 25/25 MP: 6/9
   993 | D:2      | Reached skill level 1 in Invocations
   997 | D:1      | Reached skill level 1 in Fighting
   997 | D:1      | Reached skill level 1 in Short Blades
   997 | D:1      | Reached skill level 1 in Long Blades
   997 | D:1      | Reached skill level 1 in Axes
   997 | D:1      | Reached skill level 1 in Maces & Flails
   997 | D:1      | Reached skill level 1 in Polearms
   997 | D:1      | Reached skill level 1 in Staves
   997 | D:1      | Reached skill level 1 in Ranged Weapons
   997 | D:1      | Reached skill level 1 in Throwing
   997 | D:1      | Reached skill level 1 in Armour
   997 | D:1      | Reached skill level 1 in Shields
   997 | D:1      | Reached skill level 1 in Unarmed Combat
   997 | D:1      | Reached skill level 1 in Evocations
  1198 | D:2      | Reached XP level 4. HP: 26/32 MP: 7/11
  1205 | D:2      | Learned a level 3 spell: Vampiric Draining
  1210 | D:2      | Learned a level 4 spell: Animate Dead
  1526 | D:2      | Reached skill level 1 in Conjurations
  1526 | D:2      | Reached skill level 1 in Hexes
  1526 | D:2      | Reached skill level 1 in Summonings
  1526 | D:2      | Reached skill level 1 in Translocations
  1526 | D:2      | Reached skill level 1 in Transmutations
  1526 | D:2      | Reached skill level 1 in Fire Magic
  1526 | D:2      | Reached skill level 1 in Ice Magic
  1526 | D:2      | Reached skill level 1 in Air Magic
  1526 | D:2      | Reached skill level 1 in Earth Magic
  1526 | D:2      | Reached skill level 1 in Poison Magic
  1664 | D:3      | Found a white marble altar of Elyvilon.
  1681 | D:3      | Found Jity's Jewellery Shoppe.
  1809 | D:3      | Found a glowing golden altar of the Shining One.
  1848 | D:3      | Found Filim's Weapon Shoppe.
  1852 | D:3      | Bought 6 atropa-tipped darts for 36 gold pieces
  1906 | D:3      | Identified the +0 scale mail of the Eight Boll Weevils
                  | {Str+6}
  2002 | D:3      | Found Nykumabb's Magic Scroll Boutique.
  2210 | D:3      | Reached XP level 5. HP: 35/37 MP: 10/12
  2330 | D:3      | Found Bompuguy's Assorted Antiques.
  2980 | D:4      | Noticed an ogre
  2986 | D:4      | Killed an ogre
  2987 | D:4      | Reached XP level 6. HP: 20/44 MP: 3/14
  3158 | D:4      | Found Pinimpu's General Store.
  3166 | D:4      | Bought a potion of curing for 42 gold pieces
  3172 | D:4      | Reached skill level 5 in Dodging
  3237 | D:4      | Found a staircase to the Ecumenical Temple.
  3436 | Temple   | Entered the Ecumenical Temple
  4082 | D:5      | Entered Level 5 of the Dungeon
  4170 | D:5      | Reached XP level 7. HP: 25/51 MP: 7/15
  4553 | D:5      | Found a hide-covered altar of Uskayaw.
  4563 | D:5      | Reached skill level 5 in Stealth
  4992 | D:5      | Reached XP level 8. HP: 31/58 MP: 11/16
  5427 | D:6      | Found a glowing silver altar of Zin.
  5538 | D:6      | Noticed Edmund
  5565 | D:6      | Killed Edmund
  6100 | D:5      | Mangled by a wight

Illustrated notes

Levels and vault maps discovered:
D:1:      roderic_dead_forest, layout_basic, dilly_ecumenical_altar_fadedgnrine,
          minmay_distorted
D:2:      layout_rooms
D:3:      layout_loops_cross, nicolae_elyvilon_peaceful_grove,
          nicolae_tso_carved_into_rock, serial_shops,
          nicolae_shop_hallway_stairs, nicolae_shop_trees, shop_statue,
          nicolae_lakefront_shop
D:4:      kennysheep_spiral_hall, layout_basic, minmay_temple_entry_junction,
          serial_aquarium, aquarium_bridge_island_large
          [aquarium_subvault_large_4_pools, aquarium_subvault_window,
          aquarium_subvault_wall, aquarium_subvault_balcony,
          aquarium_subvault_bridge], aquarium_bridge_square
          [aquarium_subvault_bridge, aquarium_subvault_window,
          aquarium_subvault_bridge, aquarium_subvault_wall],
          aquarium_window_corridor_1, aquarium_window_2, aquarium_view_4,
          serial_shops, nicolae_shop_crystal, grunt_ministairs_9
D:5:      layout_cave_pools, eat_drink_and_be_merry_uskayaw, grunt_ministairs_7
D:6:      layout_cave_pools, mainiacjoe_overflow_concentric_impassable,
          lemuel_round_altar, uniq_edmund
Temple:   nicolae_temple_no_exploring_needed

Skill      XL: |  1  2  3  4  5  6  7  8 |
---------------+-------------------------+-----
Spellcasting   | 5 6 |  6.1
Invocations    | 1 2 3 |  3.7
Fighting       | 1 2 3 |  3.3
Short Blades   | 1 2 3 |  3.3
Long Blades    | 1 2 3 |  3.3
Axes           | 1 2 3 |  3.3
Maces & Flails | 1 2 3 |  3.3
Polearms       | 1 2 3 |  3.3
Staves         | 1 2 3 |  3.3
Ranged Weapons | 1 2 3 |  3.3
Throwing       | 1 2 3 |  3.3
Armour         | 1 2 3 |  3.3
Shields        | 1 2 3 |  3.3
Unarmed Combat | 1 2 3 |  3.3
Evocations     | 1 2 3 |  3.3
Conjurations   | 1 2 |  2.7
Hexes          | 1 2 |  2.7
Summonings     | 1 2 |  2.7
Translocations | 1 2 |  2.7
Transmutations | 1 2 |  2.7
Fire Magic     | 1 2 |  2.7
Ice Magic      | 1 2 |  2.7
Air Magic      | 1 2 |  2.7
Earth Magic    | 1 2 |  2.7
Poison Magic   | 1 2 |  2.7
Dodging        | 5 |  5.7
Stealth        | 5 |  5.4
Necromancy     | |  7.7

Action                   |  1- 3 |  4- 6 |  7- 9 || total
-------------------------+-------+-------+-------++-------
Melee: Dagger            |     3 |     5 |       ||     8
       Bite              |     3 |    12 |    21 ||    36
       Short sword       |    15 |       |       ||    15
       Punch             |     1 |     3 |     1 ||     5
       Falchion          |       |    19 |       ||    19
       Halberd           |       |    21 |       ||    21
       Long sword        |       |    78 |    89 ||   167
       Flail             |       |       |    30 ||    30
       Spear             |       |       |    18 ||    18
Throw: Stone             |       |     5 |     4 ||     9
 Cast: Necrotise         |    37 |    42 |     2 ||    81
       Vampiric Draining |       |    13 |    16 ||    29
  Use: Potion            |       |     1 |     5 ||     6
 Stab: Sleeping          |     2 |     1 |       ||     3
       Invisible         |       |       |     2 ||     2
Armor: Robe              |     2 |     1 |       ||     3
       Scale mail        |       |    92 |    69 ||   161
       Leather armour    |       |     2 |       ||     2
Dodge: Dodged            |    17 |   113 |    61 ||   191
Block: Kite shield       |       |       |    30 ||    30
